 Dungeon Crawl Stone Soup version 0.32-a0-411-g744942f433 (webtiles) character file.

Game seed: 7361923286203679004

250 ezpacito the Trooper (level 5, 0/42 HPs)
             Began as a Demonspawn Chaos Knight on Feb 20, 2024.
             Was a Plaything of Xom.
             Killed from afar by an orc wizard (6 damage)
             ... with a magic dart
             ... on level 4 of the Dungeon.
             The game lasted 00:05:01 (2516 turns).

ezpacito the Trooper (Demonspawn Chaos Knight)      Turns: 2516, Time: 00:05:03

Health: 0/42       AC:  8    Str: 15    XL:     5   Next: 88%
Magic:  15/15      EV: 11    Int: 18    God:    Xom [.*....]
Gold:   113        SH:  0    Dex: 12    Spells: 6/6 levels left

rFire   . . .        a - +0 hand axe (chaos)
rCold   . . .        (no shield)
rNeg    . . .        b - +2 leather armour
rPois   .            t - +0 helmet
rElec   .            (no cloak)
rCorr   .            (no gloves)
SInv    .            (no boots)
Will    +....        j - amulet of the acrobat
Stlth   +            s - +6 ring of intelligence
HPRegen 0.27/turn    v - ring of magical power
MPRegen 0.14/turn

%: acrobat
@: attractive, enlightened, flying, wreathed by umbra
A: claws 1, icy blue scales 1, foul shadow 1
a: Renounce Religion


You were on level 4 of the Dungeon.
You worshipped Xom.
You were a plaything of Xom.
You visited 1 branch of the dungeon, and saw 4 of its levels.

You collected 113 gold pieces.

Inventory:

Hand Weapons
 a - a +0 hand axe of chaos (weapon)
Missiles
 i - 7 boomerangs (quivered)
 l - 8 poisoned darts
Armour
 b - a +2 leather armour (worn)
 m - a +0 chain mail
 o - a +0 kite shield
 t - a +0 helmet (worn)
Jewellery
 j - an amulet of the acrobat (around neck)
 p - an amulet of guardian spirit
 s - a +6 ring of intelligence (left claw)
 v - a ring of magical power (right claw)
Scrolls
 c - a scroll of butterflies
 f - 2 scrolls of fear
 g - 2 scrolls of teleportation
 r - 2 scrolls of noise
Potions
 d - a potion of mutation
 u - a potion of berserk rage {unknown}


   Skills:
 * Level 4.0 Fighting
 * Level 3.3 Axes
 * Level 2.9 Armour
 + Level 1.8 Dodging
 + Level 1.4 Stealth
 * Level 1.9 Unarmed Combat
 + Level 1.0 Spellcasting


You had 6 spell levels left.
You didn't know any spells.
Your spell library contained the following spells:

 Spells                   Type           Power      Damage    Failure   Level
 Mercury Vapours          Alch/Air       0%         N/A       36%         2
 Mephitic Cloud           Conj/Alch/Air  0%         N/A       58%         3
 Freezing Cloud           Conj/Ice/Air   0%         6-21      100%        5


Dungeon Overview and Level Annotations

Branches:
Dungeon (4/15)
 Temple: D:4-7

Altars:
Ru

Annotations:
D:3 1 transporter, shadowstone's ghost, amateur OpSh


Innate Abilities, Weirdness & Mutations

You have sharp fingernails.
You are partially covered in icy blue scales. (AC +2)
You are faintly shadowed, very rarely releasing foul flame when damaged in melee.


Message History

You feel less confused. Something hits you. x2
* * * LOW HITPOINT WARNING * * *
It was a potion of magic.
Magic courses through your body.
Xom thinks this is hilarious!
Something hits you but does no damage.
It was a potion of attraction.
You feel attractive to monsters.
Xom thinks this is hilarious!
Something hits you but does no damage. Something hits you.
* * * LOW HITPOINT WARNING * * *
It was a potion of enlightenment.
You feel very buoyant.
You fly up into the air.
Something hits you but does no damage.
It was a potion of curing.
You feel better.
Xom thinks this is hilarious!
You hear some strange, mumbled words.
A magic dart appears from out of thin air!
The magic dart hits you. Something hits you but does no damage.
You barely miss something. Something hits you.
You barely miss something.
You hear some strange, mumbled words.
A magic dart appears from out of thin air!
The magic dart hits you!
* * * LOW HITPOINT WARNING * * *
Something hits you but does no damage.
You closely miss something. Something hits you but does no damage.
You hear some strange, mumbled words.
Something tries to affect you, but you resist.
You miss something. Something hits you but does no damage.
You closely miss something. Something hits you but does no damage.
Something hits you.
* * * LOW HITPOINT WARNING * * *
You barely miss something. Something hits you.
* * * LOW HITPOINT WARNING * * *
You hear some strange, mumbled words.
A magic dart appears from out of thin air!
The magic dart hits you.
You die... "It's all fun and games until someone loses an eye."

#.......... ....
#........#####....
#.................
#.................
#..............(..
#.:.).............
#.......).........
#.......{)<.......
#........@........
#.................
#.................
#.................
#.................
#.................
#.................
................


There were no monsters in sight!

Vanquished Creatures
  An orc wizard (D:4)
  4 gnolls
  2 adders
  3 dart slugs
  2 orcs
  10 ball pythons
  8 endoplasms
  3 giant cockroaches
  3 goblins
  6 hobgoblins
  12 jackals
  9 kobolds
  2 quokkas
  5 bats
  5 frilled lizards
  3 rats
78 creatures vanquished.

Vanquished Creatures (collateral kills)
  2 gnolls (D:3)
  A giant cockroach (D:3)
  A hobgoblin (D:3)
4 creatures vanquished.

Vanquished Creatures (others)
  An eldritch tentacle (D:3)
  A ball python zombie (D:3)
2 creatures vanquished.

Grand Total: 84 creatures vanquished

Notes
Turn   | Place    | Note
-------+----------+-------------------------------------------
     0 | D:1      | ezpacito the Demonspawn Chaos Knight began the quest for
                  | the Orb.
     0 | D:1      | Reached XP level 1. HP: 18/18 MP: 1/1
    15 | D:1      | XOM: silly message
    21 | D:1      | Reached skill level 1 in Dodging
    26 | D:1      | Gained mutation: You have sharp fingernails. [demonic
                  | ancestry]
    26 | D:1      | Reached XP level 2. HP: 18/24 MP: 2/2
    72 | D:1      | XOM: divination: detect items
    97 | D:1      | XOM: silly message
   124 | D:1      | XOM: silly message
   158 | D:1      | Reached skill level 1 in Unarmed Combat
   158 | D:1      | Reached XP level 3. HP: 29/29 MP: 3/3
   319 | D:1      | XOM is BORED!
   319 | D:1      | XOM: silly message
   656 | D:1      | Found a faded altar of an unknown god.
   661 | D:1      | Gained mutation: You are partially covered in icy blue
                  | scales. (AC +2) [demonic ancestry]
   661 | D:1      | Reached XP level 4. HP: 35/35 MP: 4/4
   944 | D:2      | XOM: 1-stop teleportation journey
  1207 | D:1      | Reached skill level 1 in Stealth
  1215 | D:1      | Gained mutation: You are faintly shadowed, very rarely
                  | releasing foul flame when damaged in melee. [demonic
                  | ancestry]
  1215 | D:1      | Reached XP level 5. HP: 6/42 MP: 4/6
  1936 | D:3      | Found a sacrificial altar of Ru.
  1954 | D:3      | XOM: cast spell 'Malign Gateway'
  2062 | D:3      | Found a transporter.
  2065 | D:3      | Identified the +2 great mace of Siorot {protect, Str+4}
  2065 | D:3      | Noticed an ogre
  2065 | D:3      | Noticed shadowstone's ghost (amateur OpSh)
  2066 | D:3      | Noticed an ogre
  2258 | D:3      | Reached skill level 1 in Spellcasting
  2490 | D:4      | Reached skill level 4 in Fighting
  2516 | D:4      | Killed from afar by an orc wizard

Illustrated notes

Levels and vault maps discovered:
D:1:      minmay_arrival_stone_box, layout_loops_ring,
          hellmonk_ecumenical_altar_zigzags, serial_bayou_crossing
D:2:      layout_rooms, kennysheep_generic_room_7
D:3:      layout_basic, mainiacjoe_overflow_catwalk, gammafunk_ghost_smash,
          minmay_fractal_squares_gapless_5
D:4:      layout_basic, minmay_temple_entry_hall, hangedman_minor_gate_pass

Skill      XL: |  1  2  3  4  5 |
---------------+----------------+-----
Dodging        | 1 |  1.8
Armour         | 2 |  2.9
Unarmed Combat | 1 |  1.9
Axes           | 3 |  3.3
Stealth        | 1 |  1.4
Spellcasting   | 1 |  1.0
Fighting       | 4 |  4.0

Action                     |  1- 3 |  4- 6 || total
---------------------------+-------+-------++-------
  Melee: Hand axe          |    73 |   153 ||   226
    Use: Scroll            |       |     4 ||     4
         Potion            |       |     4 ||     4
   Stab: Paralysed         |     1 |       ||     1
         Sleeping          |     2 |     1 ||     3
 Armour: Leather armour    |    37 |   118 ||   155
  Dodge: Dodged            |    33 |   124 ||   157

Table legend: (Time is in decaauts)
 A = Elapsed time spent in this place.
 B = Non-inter-level travel time spent in this place.
 C = Inter-level travel time spent in this place.
 D = Time resting spent in this place.
 E = Time spent auto-exploring this place.
 F = Levels seen in this place.
 G = Mean time per level.
                   A        B        C        D        E       F      G
               +--------+--------+--------+--------+--------+-----+--------+
         Total |   2559 |   2307 |    252 |    131 |   1573 |   4 |  639.8 |
       Dungeon |   2559 |   2307 |    252 |    131 |   1573 |   4 |  639.8 |
               +--------+--------+--------+--------+--------+-----+--------+

Top non-repeatable levels by time:
     D:1: 1014 daAuts
     D:3: 945 daAuts
     D:2: 545 daAuts
     D:4: 54 daAuts
